 Dungeon Crawl Stone Soup version 0.25.0-15-gac7dcb8919 (webtiles) character file.

Game seed: 7958574130833250323

15712 KleinerIrrer the Grappler (level 12, -2/74 HPs)
             Began as a Demonspawn Wizard on June 28, 2020.
             Was a High Priest of Makhleb.
             Slain by a skeletal warrior
             ... wielding a +1 great sword of flaming
              (31 damage)
             ... in a volcano.
             The game lasted 00:57:58 (15207 turns).

KleinerIrrer the Grappler (Demonspawn Wizard)      Turns: 15207, Time: 00:57:59

Health: -2/74      AC: 20    Str: 13    XL:     12   Next: 3%
Magic:  17/17      EV: 15    Int: 25    God:    Makhleb [*****.]
Gold:   623        SH:  0    Dex: 12    Spells: 4/17 levels left

rFire    + . .     SeeInvis .     - Unarmed
rCold    . . .     Gourm    .   (no shield)
rNeg     . . .     Faith    .   J - +3 leather armour of the Valley of Death {Regen+}
rPois    .         Spirit   .   G - +2 helmet
rElec    .         Reflect  .   a - +2 cloak
rCorr    .         Harm     .   (gloves unavailable)
MR       .....     Clarity  +   Q - +0 pair of boots {Fly}
Stlth    ++++......             u - amulet of regeneration
HPRegen  1.02/turn              j - +6 ring of intelligence
MPRegen  0.15/turn              y - +4 ring of protection

@: mighty, flying
A: claws 3, iridescent scales 1, clarity, fire resistance 1, mutation resistance
1, nightstalker 2, powered by pain 3, no potion heal 1, MP-powered wands
a: Minor Destruction, Lesser Servant of Makhleb, Major Destruction, Greater
Servant of Makhleb, Renounce Religion, Stop Flying


You were in a volcano.
You worshipped Makhleb.
Makhleb was extremely pleased with you.
You were very hungry.

You visited 3 branches of the dungeon, and saw 13 of its levels.
You also visited: Volcano.

You collected 810 gold pieces.
You spent 187 gold pieces at shops.

Inventory:

Missiles
 p - 27 poisoned darts
 A - 280 stones
 H - 7 boomerangs (quivered)
 O - 4 javelins
Armour
 a - a +2 cloak (worn)
 z - a scarf of repulsion
 G - a +2 helmet (worn)
 J - the +3 leather armour of the Valley of Death (worn) {Regen+}
   (You found it on level 9 of the Dungeon)

   It increases your rate of regeneration.
 L - the +0 robe of Qyenluono {rC- rN+ rCorr Str+4}
   (You found it on level 11 of the Dungeon)

   It affects your strength (+4).
   It makes you vulnerable to cold.
   It protects you from negative energy.
   It provides partial protection from all sources of acid and corrosion.
 Q - a +0 pair of boots of flying (worn)
Jewellery
 j - a +6 ring of intelligence (left claw)
 n - an uncursed ring of resist corrosion
 u - an amulet of regeneration (around neck)
 y - a +4 ring of protection (right claw)
 D - an uncursed ring of flight
Wands
 b - a wand of iceblast (7)
 e - a wand of clouds (2)
 f - a wand of flame (16)
 w - a wand of digging (6)
 C - a wand of acid (5)
Scrolls
 c - 2 scrolls of blinking
 g - 2 scrolls of amnesia
 h - a scroll of enchant armour
 m - 4 scrolls of teleportation
 o - 2 scrolls of remove curse
 q - a scroll of random uselessness {unknown}
 t - a scroll of noise {unknown}
 v - a scroll of fog {unknown}
 K - a scroll of torment {unknown}
 M - a scroll of magic mapping
 N - a scroll of summoning {unknown}
Potions
 i - 2 potions of stabbing
 k - 2 potions of ambrosia
 l - 7 potions of curing
 r - 2 potions of lignification
 x - a potion of mutation
 B - 2 potions of flight
 E - a potion of heal wounds
 I - 3 potions of brilliance
Comestibles
 d - 13 rations
 s - 2 chunks of flesh


   Skills:
 - Level 4.7 Armour
 * Level 7.9 Dodging
 - Level 1.7 Stealth
 + Level 13.9 Unarmed Combat
 - Level 3.3 Spellcasting
 - Level 3.0 Conjurations
 - Level 1.0 Summonings
 - Level 2.0 Translocations
 - Level 3.0 Air Magic
 - Level 3.0 Poison Magic


You had 4 spell levels left.
You knew the following spells:

 Your Spells              Type           Power        Failure   Level  Hunger
a - Magic Dart            Conj           ###.         3%          1    None
b - Call Imp              Summ           #.......     12%         2    #......
c - Blink                 Tloc           N/A          8%          2    #......
d - Mephitic Cloud        Conj/Pois/Air  ###.....     11%         3    ###....
e - Corona                Hex            #......      12%         1    None
f - Ensorcelled Hibernat  Hex/Ice        #.....       19%         2    #......
g - Slow                  Hex            #.......     19%         2    #......

Your spell library contained the following spells:

 Spells                   Type           Power        Failure   Level  Hunger
 Foxfire                  Conj/Fire      ##..         6%          1    None
 Summon Small Mammal      Summ           #...         8%          1    None
 Animate Skeleton         Necr           N/A          12%         1    None
 Freeze                   Ice            #...         12%         1    None
 Pain                     Necr           #...         12%         1    None
 Conjure Flame            Conj/Fire      ##......     19%         3    ###....
 Dazzling Flash           Conj/Hex       ##....       19%         3    ###....
 Call Canine Familiar     Summ           #.......     24%         3    ###....
 Summon Guardian Golem    Hex/Summ       #.......     28%         3    ###....
 Confusing Touch          Hex            #.......     34%         3    ###....
 Frozen Ramparts          Ice            #.....       34%         3    ###....
 Inner Flame              Hex/Fire       #.......     34%         3    ###....
 Ozocubu's Armour         Chrm/Ice       #.......     34%         3    ###....
 Tukima's Dance           Hex            #.......     34%         3    ###....
 Vampiric Draining        Necr           #.........   34%         3    ###....
 Summon Lightning Spire   Summ/Air       ##......     45%         4    ####...
 Hailstorm                Conj/Ice       ##......     54%         4    ####...
 Sticky Flame             Conj/Fire      ##......     54%         4    ####...
 Summon Ice Beast         Ice/Summ       #.......     67%         4    ####...
 Animate Dead             Necr           N/A          75%         4    ####...
 Fireball                 Conj/Fire      ##........   87%         5    ######.
 Agony                    Necr           #.......     97%         5    ######.


Dungeon Overview and Level Annotations

Branches:
Dungeon (11/15)            Temple (1/1) D:5             Orc (1/2) D:10
Volcano (1/1)
   Lair: D:8-11

Altars:
Cheibriados
Elyvilon
Makhleb
Nemelex Xobeh
Okawaru
Ru
Uskayaw
Vehumet
Zin
The Shining One

Shops:
Orc:1 [

Annotations:
D:5 3 runed translucent doors, MisterFreud's ghost, novice MiFi
D:9 2 transporters, SamuraiZach's ghost, novice TrBe
D:10 3 runed translucent doors


Innate Abilities, Weirdness & Mutations

You have claws for hands.
You are partially covered in iridescent scales. (AC +2)
You are significantly more attuned to the shadows.
You are powered by pain.
You possess an exceptional clarity of mind.
Your flesh is heat resistant. (rF+)
You are somewhat resistant to further mutation.
Potions are less effective at restoring your health.
You expend magic power (3 MP) to strengthen your wands.


Message History

You feel very mighty all of a sudden.
You mangle the skeletal warrior!!
The skeletal warrior is moderately damaged.
You are feeling very hungry.
The skeletal warrior hits you but does no damage.
You claw the skeletal warrior!
The skeletal warrior is heavily damaged.
You claw the skeletal warrior!
The skeletal warrior is severely damaged.
The skeletal warrior hits you with a +1 great sword of flaming!
The skeletal warrior burns you.
You scratch the skeletal warrior.
The skeletal warrior is severely damaged.
The skeletal warrior closely misses you.
You claw the skeletal warrior!
The skeletal warrior is almost destroyed.
You barely miss the skeletal warrior. You claw the skeletal warrior.
The skeletal warrior is almost destroyed.
The skeletal warrior hits you with a +1 great sword of flaming!!
You die...

##################
+...#@..'...##...#
#..Zz...#...##...#
#...#...#...##...#
###########.##.###
#.##.# ##.##.##
###......######
............##..
####.#..#.###.≈.


You could see a skeletal warrior and an alligator skeleton.

Vanquished Creatures
  Harold (D:11)
  4 two-headed ogres
  Urug (D:11)
  An anaconda skeleton (Volcano)
  Pikel (D:9)
  An ugly thing (D:11)
  An orc sorcerer (Orc:1)
  3 gargoyles (Volcano)
  A centaur skeleton (D:11)
  2 trolls
  A harpy skeleton (Volcano)
  4 hippogriffs
  2 flying skulls (Volcano)
  2 alligator skeletons (Volcano)
  Sigmund (D:5)
  A wyvern (D:8)
  10 yaks
  Edmund (D:5)
  An acid dragon (D:9)
  7 orc warriors
  4 ice beasts
  4 sky beasts
  A phantom (D:10)
  2 centaurs
  4 ogres
  A big kobold (D:6)
  10 bullfrogs
  A gnoll sergeant (D:9)
  A scorpion (D:9)
  4 wights (D:11)
  13 killer bees
  A troll skeleton (Volcano)
  A spriggan skeleton (Volcano)
  4 howler monkeys
  A bullfrog zombie (D:8)
  6 crimson imps
  2 jellies
  Crazy Yiuf (D:4)
  A hound (D:6)
  9 orc priests
  2 iguanas
  13 orc wizards
  9 worker ants
  2 hound zombies
  2 hound skeletons
  18 adders
  6 gnolls
  A shadow imp (D:8)
  2 oozes
  3 worms
  2 dart slugs
  4 leopard geckos
  51 orcs
  2 giant cockroaches (D:3)
  7 goblins
  9 hobgoblins
  12 jackals
  14 kobolds
  2 quokkas (D:8)
  5 ball pythons
  7 bats
  6 frilled lizards
  A jackal skeleton (D:5)
  A quokka zombie (D:7)
  10 rats
308 creatures vanquished.

Vanquished Creatures (collateral kills)
  4 adders
  A worm (D:2)
  An orc (D:10)
6 creatures vanquished.

Vanquished Creatures (others)
  3 slaves
  A bullfrog (D:9)
  A hound (D:9)
  2 orcs (D:8)
  2 jackals (D:9)
9 creatures vanquished.

Grand Total: 323 creatures vanquished

Notes
Turn   | Place    | Note
-------+----------+-------------------------------------------
     0 | D:1      | KleinerIrrer the Demonspawn Wizard began the quest for the
                  | Orb.
     0 | D:1      | Reached XP level 1. HP: 13/13 MP: 4/4
   360 | D:1      | Gained mutation: You have sharp fingernails. [demonic
                  | ancestry]
   360 | D:1      | Reached XP level 2. HP: 19/19 MP: 3/6
  1120 | D:1      | Reached skill level 1 in Unarmed Combat
  1520 | D:1      | Learned a level 2 spell: Call Imp
  1682 | D:1      | Reached XP level 3. HP: 24/24 MP: 4/7
  2809 | D:2      | Reached skill level 2 in Unarmed Combat
  2809 | D:2      | Gained mutation: You are slightly more attuned to the
                  | shadows. [demonic ancestry]
  2809 | D:2      | Reached XP level 4. HP: 5/30 MP: 2/9
  3494 | D:2      | Learned a level 2 spell: Blink
  3498 | D:2      | Learned a level 3 spell: Mephitic Cloud
  4006 | D:3      | Reached skill level 3 in Unarmed Combat
  4101 | D:3      | Found a glowing silver altar of Zin.
  4108 | D:3      | Found a radiant altar of Vehumet.
  4135 | D:3      | Found a snail-covered altar of Cheibriados.
  4156 | D:3      | Found a faded altar of an unknown god.
  4195 | D:3      | Gained mutation: You are significantly more attuned to the
                  | shadows. [demonic ancestry]
  4195 | D:3      | Reached XP level 5. HP: 22/35 MP: 10/10
  5167 | D:4      | Reached skill level 4 in Unarmed Combat
  5537 | D:4      | Gained mutation: You sometimes gain a little power by
                  | taking damage. [demonic ancestry]
  5537 | D:4      | Reached XP level 6. HP: 41/41 MP: 5/11
  5711 | D:4      | Found a runed translucent door.
  5713 | D:4      | Noticed Crazy Yiuf
  5746 | D:4      | Killed Crazy Yiuf
  6408 | D:5      | Entered Level 5 of the Dungeon
  6421 | D:5      | Reached skill level 5 in Unarmed Combat
  6421 | D:5      | Reached skill level 1 in Poison Magic
  6421 | D:5      | Noticed a sky beast
  6503 | D:5      | Found a staircase to the Ecumenical Temple.
  6511 | Temple   | Entered the Ecumenical Temple
  6530 | Temple   | Became a worshipper of Makhleb the Destroyer
  6582 | D:5      | Reached skill level 1 in Air Magic
  6615 | D:5      | Noticed a sky beast
  6653 | D:5      | Found a runed translucent gate.
  6653 | D:5      | Found a runed translucent gate.
  6653 | D:5      | Found a runed translucent gate.
  6722 | D:5      | Noticed Sigmund
  6782 | D:4      | Gained mutation: You are partially covered in iridescent
                  | scales. (AC +2) [demonic ancestry]
  6782 | D:4      | Reached XP level 7. HP: 41/46 MP: 5/12
  6997 | D:5      | Noticed MisterFreud's ghost (novice MiFi)
  7004 | D:5      | Killed Sigmund
  7004 | D:5      | Reached skill level 6 in Unarmed Combat
  7448 | D:5      | Noticed Edmund
  7482 | D:5      | Killed Edmund
  7701 | D:6      | Reached * piety under Makhleb
  7701 | D:6      | Reached skill level 7 in Unarmed Combat
  7701 | D:6      | Gained mutation: You have very sharp fingernails. [demonic
                  | ancestry]
  7701 | D:6      | Reached XP level 8. HP: 40/52 MP: 9/13
  7979 | D:6      | Reached skill level 8 in Unarmed Combat
  8529 | D:6      | Found an iron altar of Okawaru.
  8533 | D:6      | Learned a level 1 spell: Corona
  8536 | D:6      | Learned a level 2 spell: Ensorcelled Hibernation
  8539 | D:6      | Learned a level 2 spell: Slow
  8545 | D:6      | Reached skill level 9 in Unarmed Combat
  8902 | D:7      | Noticed a hippogriff
  8909 | D:7      | Killed a hippogriff
  9175 | D:7      | Reached XP level 9. HP: 53/57 MP: 14/14
  9488 | D:7      | Reached ** piety under Makhleb
  9491 | D:7      | Reached skill level 1 in Armour
  9689 | D:7      | Reached skill level 10 in Unarmed Combat
  9999 | D:7      | Found an iron altar of Okawaru.
 10313 | D:8      | Noticed a two-headed ogre
 10321 | D:8      | Noticed a two-headed ogre
 10515 | D:8      | Noticed Pikel
 10524 | D:9      | Killed Pikel
 10555 | D:9      | Gained mutation: You are agile. (Dex +2) [potion of
                  | mutation]
 10555 | D:9      | Gained mutation: You expend magic power (3 MP) to
                  | strengthen your wands. [potion of mutation]
 10555 | D:9      | Gained mutation: You have a pair of small antennae on your
                  | head. [potion of mutation]
 10726 | D:9      | Reached skill level 11 in Unarmed Combat
 10755 | D:9      | Lost mutation: You are agile. (Dex +2) [potion of mutation]
 10755 | D:9      | Lost mutation: You have a pair of small antennae on your
                  | head. [potion of mutation]
 10755 | D:9      | Gained mutation: Your flesh is heat resistant. (rF+)
                  | [potion of mutation]
 10755 | D:9      | Gained mutation: Potions are less effective at restoring
                  | your health. [potion of mutation]
 10755 | D:9      | Gained mutation: You are somewhat resistant to further
                  | mutation. [potion of mutation]
 10755 | D:9      | Gained mutation: You possess an exceptional clarity of
                  | mind. [potion of mutation]
 10902 | D:9      | Noticed a troll
 10995 | D:9      | Found a transporter.
 11014 | D:9      | Noticed a great orb of eyes
 11030 | D:9      | Found a transporter.
 11038 | D:9      | Noticed a troll
 11049 | D:9      | Noticed SamuraiZach's ghost (novice TrBe)
 11096 | D:9      | Reached skill level 1 in Translocations
 11159 | D:9      | Found a white marble altar of Elyvilon.
 11176 | D:9      | Gained mutation: You sometimes gain power by taking damage.
                  | [demonic ancestry]
 11176 | D:9      | Reached XP level 10. HP: 42/63 MP: 15/15
 11620 | D:9      | Reached *** piety under Makhleb
 11628 | D:9      | Got a smoking leather armour
 11639 | D:9      | Identified the +3 leather armour of the Valley of Death
                  | {Regen+} (You found it on level 9 of the Dungeon)
 11666 | D:10     | Entered Level 10 of the Dungeon
 11667 | D:10     | Noticed a two-headed ogre
 11802 | D:10     | Killed a two-headed ogre
 11802 | D:10     | Reached skill level 5 in Dodging
 12315 | D:8      | Killed a two-headed ogre
 12315 | D:8      | Reached skill level 12 in Unarmed Combat
 12635 | D:8      | Killed a two-headed ogre
 13029 | D:10     | Gained mutation: You are powered by pain. [demonic
                  | ancestry]
 13029 | D:10     | Reached XP level 11. HP: 68/68 MP: 16/16
 13216 | D:10     | Reached **** piety under Makhleb
 13399 | D:10     | Noticed a two-headed ogre
 13422 | D:10     | Killed a two-headed ogre
 13524 | D:10     | Found a runed translucent gate.
 13524 | D:10     | Found a runed translucent gate.
 13524 | D:10     | Found a staircase to the Orcish Mines.
 13534 | D:10     | Found a runed translucent gate.
 14155 | D:11     | Noticed Harold
 14167 | D:11     | Killed Harold
 14243 | D:11     | Noticed Urug
 14250 | D:11     | Noticed a brown ugly thing
 14259 | D:11     | Killed a brown ugly thing
 14348 | D:11     | Reached skill level 13 in Unarmed Combat
 14434 | D:11     | Got a twisted robe
 14471 | D:11     | Identified the +0 robe of Qyenluono {rC- rN+ rCorr Str+4}
                  | (You found it on level 11 of the Dungeon)
 14554 | D:11     | Killed Urug
 14712 | D:11     | Noticed a death knight
 14885 | Orc:1    | Entered Level 1 of the Orcish Mines
 14885 | Orc:1    | Found Ontat's Antique Armour Shoppe.
 14957 | Orc:1    | Bought a pair of glowing boots for 187 gold pieces
 14993 | Orc:1    | Noticed an orc sorcerer
 14995 | Orc:1    | Noticed a sun demon
 15002 | Orc:1    | Killed an orc sorcerer
 15002 | Orc:1    | Reached ***** piety under Makhleb
 15023 | Orc:1    | Found a dark tunnel.
 15029 | Volcano  | Entered a volcano
 15131 | Volcano  | Gained mutation: You have claws for hands. [demonic
                  | ancestry]
 15131 | Volcano  | Reached XP level 12. HP: 74/74 MP: 17/17
 15207 | Volcano  | Slain by a skeletal warrior

Illustrated notes

Levels and vault maps discovered:
D:1:      ncdulo_lavacross, layout_basic
D:2:      layout_basic
D:3:      minmay_chambers_of_twos, layout_basic, grunt_temple_overflow_open,
          chequers_ecumenical_altar_simple
D:4:      layout_rooms, first_ration, dk_noncrumbling_2, serial_bayou_lake_a,
          uniq_crazy_yiuf_cottage
D:5:      layout_cave_pools, minmay_temple_entry_junction, gammafunk_ghost_icy,
          serial_bayou_lagoon_a, uniq_sigmund, uniq_edmund
D:6:      layout_basic, minmay_misc_feat_plants, okawaru_ov_weapons_minmay
D:7:      layout_gridville, david_defended_altar_elf
D:8:      layout_basic, uniq_pikel
D:9:      kennysheep_spiral_hall, layout_loops_ring, lemuel_round_altar,
          gammafunk_ghost_arena
D:10:     layout_cave_pods, orc_0_dummy, gammafunk_ghost_spectres
D:11:     layout_roguey, uniq_urug, uniq_harold
Temple:   regret_index_temple_mists
Orc:1:    layout_caves, enter_volcano_2, serial_shops, shop, trog_butcher_becter
Volcano:  volcano_tomb [vts_chambers]

Skill      XL: |  1  2  3  4  5  6  7  8  9 10 11 |
---------------+----------------------------------+-----
Dodging        | 2 4 5 7 |  7.9
Unarmed Combat | 1 2 3 4 5 7 9 11 12 13 | 13.9
Poison Magic   | 1 2 3 |  3.0
Air Magic      | 1 2 3 |  3.0
Conjurations   | 2 3 |  3.0
Armour         | 3 4 |  4.7
Translocations | 1 2 |  2.0
Stealth        | |  1.7
Spellcasting   | |  3.3
Summonings     | |  1.0

Action                   |  1- 3 |  4- 6 |  7- 9 | 10-12 || total
-------------------------+-------+-------+-------+-------++-------
Melee: Club              |     2 |       |       |       ||     2
       Hand axe          |    41 |       |       |       ||    41
       Unarmed           |    20 |   207 |   346 |   531 ||  1104
       Punch             |     2 |     1 |     7 |    20 ||    30
Throw: Boomerang         |       |       |     3 |     1 ||     4
 Cast: Magic Dart        |   101 |   146 |    80 |    49 ||   376
       Call Imp          |     3 |    13 |       |     1 ||    17
       Mephitic Cloud    |       |     1 |    11 |    24 ||    36
       Corona            |       |       |       |     1 ||     1
  Use: Scroll            |       |     5 |    10 |     5 ||    20
       Potion            |       |     3 |     3 |     2 ||     8
 Stab: Sleeping          |       |     4 |    11 |    10 ||    25
       Confused          |       |     1 |     2 |    16 ||    19
       Distracted        |       |       |       |     3 ||     3
  Eat: Chunk             |     5 |    14 |    11 |    15 ||    45
       Ration            |       |       |     1 |       ||     1
Armor: Robe              |    13 |    37 |    68 |       ||   118
       Leather armour    |       |       |     9 |   144 ||   153
Dodge: Dodged            |    46 |   155 |   169 |   290 ||   660
